 Dungeon Crawl Stone Soup version 0.22-a0-407-gb098539 (webtiles) character file.

111 Ijustatesigmund the Chopper (level 4, -2/39 HPs)
             Began as a Hill Orc Fighter on May 9, 2018.
             Slain by Sigmund
             ... wielding a +2 scythe of venom
              (4 damage)
             ... on level 2 of the Dungeon.
             The game lasted 00:02:48 (1222 turns).

Ijustatesigmund the Chopper (Hill Orc Fighter)      Turns: 1222, Time: 00:02:50

Health: -2/39      AC:  9    Str: 18    XL:     4   Next: 92%
Magic:  4/4        EV:  7    Int:  8    God:
Gold:   90         SH:  9    Dex: 11    Spells: 3/3 levels left

rFire    + . .     SeeInvis .   a - +0 war axe
rCold    + . .     Gourm    .   c - +0 shield
rNeg     . . .     Faith    .   b - +0 scale mail
rPois    +         Spirit   .   g - +1 helmet
rElec    +         Reflect  .   (no cloak)
rCorr    +         Harm     .   (no gloves)
MR       .....                  (no boots)
Stlth    ..........             (no amulet)
HPRegen  0.13/turn              (no ring)
MPRegen  0.09/turn              (no ring)

@: resistant
A: no striking features
a: no special abilities


You were on level 2 of the Dungeon.
You were hungry.

You visited 1 branch of the dungeon, and saw 2 of its levels.

You collected 90 gold pieces.

Inventory:

Hand Weapons
 a - a +0 war axe (weapon)
Armour
 b - a +0 scale mail (worn)
 c - a +0 shield (worn)
 g - a +1 helmet (worn)
Scrolls
 e - 3 scrolls of enchant armour
 j - a scroll of remove curse
Comestibles
 f - 3 rations


   Skills:
 - Level 3.6 Fighting
 + Level 6.5 Axes
 - Level 3.2 Armour
 - Level 3.2 Shields


You had 3 spell levels left.
You didn't know any spells.

Dungeon Overview and Level Annotations

Branches:
Dungeon (2/15)

Altars:

Annotations:
D:2 Sigmund


Message History

You miss something.
You feel very sick.
It was a potion of resistance.
You feel protected.
* * * LOW HITPOINT WARNING * * *
You feel sick. Something hits you.
* * * LOW HITPOINT WARNING * * *
You feel better.
You are feeling hungry.
You block something's attack.
You barely miss something. Something hits you!
* * * LOW HITPOINT WARNING * * *
You closely miss something. You closely miss something.
You hear some strange, mumbled words.
A puff of flame appears from out of thin air!
The puff of flame hits you! You resist.
* * * LOW HITPOINT WARNING * * *
Something hits you.
You die...

*,**,,,[........#.# #.#
*,**,**#######..#.###.#####
*,**,* #........).... *,**,*
#####.#####..##### *,**,*
#..............#
*,*#,*####.###.#####..#.#
*,*#.##....# #.# #..#.#
#.##.#...### #.# #..#,#
#)........@# #.# #.##,*
###.##...#.# #.# #.**,*
#,*##†##.#*#.# #.**,*
*,**#.##...#.# *,**,*
#..........#,*****,**,*
***##...%.....[.,,,,,,**,*
*****,,..........##.#***,,**,*
*,,,,...#.##.###.#*...,,,,,,,*
*,***##,#.*#.#**.#**###*,,****


There were no monsters in sight!

Vanquished Creatures
  Jessica (D:2)
  3 gnolls (D:2)
  An ooze (D:2)
  3 dart slugs
  2 leopard geckos (D:1)
  A ball python (D:1)
  5 bats
  5 giant cockroaches
  2 goblins (D:1)
  3 hobgoblins
  3 kobolds (D:1)
  3 frilled lizards
  16 rats (D:1)
48 creatures vanquished.

Notes
Turn   | Place    | Note
-------+----------+-------------------------------------------
     0 | D:1      | Ijustatesigmund the Hill Orc Fighter began the quest for the Orb.
     0 | D:1      | Reached XP level 1. HP: 19/19 MP: 1/1
     5 | D:1      | Reached skill level 3 in Axes
    39 | D:1      | Reached XP level 2. HP: 25/26 MP: 2/2
    94 | D:1      | Reached skill level 4 in Axes
   256 | D:1      | Reached XP level 3. HP: 28/31 MP: 3/3
   465 | D:1      | Reached skill level 5 in Axes
   724 | D:2      | Reached XP level 4. HP: 39/39 MP: 4/4
   841 | D:2      | Reached skill level 6 in Axes
   852 | D:2      | Noticed Jessica
   865 | D:2      | Killed Jessica
  1193 | D:2      | Noticed Sigmund
  1222 | D:2      | Slain by Sigmund

Vault maps used:
D:1:      erik_arrival_orb_chamber, roderic_roman_lattice, minmay_heptomino_h4
D:2:      first_ration, uniq_jessica, uniq_sigmund

Skill      XL: |  1  2  3  4 |
---------------+-------------+-----
Axes           | 3 4 5 6 |  6.5
Fighting       | |  3.6
Armour         | |  3.2
Shields        | |  3.2

Action                   |  1- 3 |  4- 6 || total
-------------------------+-------+-------++-------
Melee: War axe           |   148 |    40 ||   188
  Use: Potion            |     1 |     3 ||     4
       Scroll            |       |     6 ||     6
  Eat: Chunk             |       |     1 ||     1
Armor: Scale mail        |    66 |    17 ||    83
Dodge: Dodged            |    48 |     5 ||    53
Block: Shield            |    73 |    18 ||    91

Table legend:
 A = Spawn XP
 B = Non-spawn XP
 C = Spawn XP percentage of total XP
 D = Spawn monster count
 E = Non-spawn monster count
 F = Spawn count percentage of total count
 G = Total turns spent on level
                    A         B        C        D         E        F      G
               +---------+---------+-------+---------+---------+-------+---------
         Total |       0 |     159 |   0.0 |       0 |      48 |   0.0 |  1222
               +---------+---------+-------+---------+---------+-------+---------
           D:1 |       0 |      59 |   0.0 |       0 |      36 |   0.0 |   718
           D:2 |       0 |     100 |   0.0 |       0 |      12 |   0.0 |   504
               +---------+---------+-------+---------+---------+-------+---------
